 Dungeon Crawl Stone Soup version 0.29-a0-563-g64e4043184 (webtiles) character file.

Game seed: 13743689528173952953

222 geedmat the Sneak (level 5, 0/24 HPs)
             Began as a Spriggan Enchanter on June 12, 2022.
             Slain by an orc priest
             ... wielding a +0 short sword
              (3 damage)
             ... on level 4 of the Dungeon.
             The game lasted 00:20:24 (3998 turns).

geedmat the Sneak (Spriggan Enchanter)              Turns: 3998, Time: 00:20:24

Health: 0/24       AC:  2    Str:  4    XL:     5   Next: 66%
Magic:  10/10      EV: 17    Int: 19    God:
Gold:   187        SH:  0    Dex: 15    Spells: 4/9 levels left

rFire   . . .      SeeInvis +   a - +1 dagger
rCold   . . .      Faith    .   (no shield)
rNeg    . . .      Spirit   .   d - +0 robe
rPois   .          Reflect  .   (helmet restricted)
rElec   .          Harm     .   (no cloak)
rCorr   .          Rampage  .   (gloves unavailable)
Will    .....                   (boots unavailable)
Stlth   +++.......              (no amulet)
HPRegen 0.08/turn               (no ring)
MPRegen 0.12/turn               (no ring)

@: very quick
A: very small, no large weapons, unfitting armour, see invisible, speed 3
a: no special abilities


You were on level 4 of the Dungeon.
You visited 1 branch of the dungeon, and saw 4 of its levels.

You collected 187 gold pieces.

Inventory:

Hand Weapons
 a - a +1 dagger (weapon)
Armour
 d - a +0 robe (worn)
Jewellery
 m - an amulet of guardian spirit
Scrolls
 g - a scroll of fog
 i - a scroll of teleportation
 l - a scroll of amnesia {unknown}
Potions
 b - a potion of brilliance {unknown}
 c - 2 potions of invisibility
 e - a potion of degeneration {unknown}
 f - 2 potions of heal wounds {unknown}
 h - a potion of lignification {unknown}
 j - a potion of ambrosia
 k - a potion of curing {unknown}


   Skills:
 * Level 5.1 Short Blades
 - Level 2.6 Dodging
 + Level 6.2 Stealth
 - Level 2.6 Spellcasting
 + Level 4.1 Hexes


You had 4 spell levels left.
You knew the following spells:

 Your Spells              Type           Power      Damage    Failure   Level
a - Ensorcelled Hibernat  Hex/Ice        20%        N/A       10%         2
b - Confusing Touch       Hex            18%        N/A       9%          3

Your spell library contained the following spells:

 Spells                   Type           Power      Damage    Failure   Level
 Tukima's Dance           Hex            18%        N/A       9%          3
 Magic Dart               Conj           8%         1d3       16%         1
 Dazzling Flash           Conj/Hex       20%        N/A       21%         3
 Scorch                   Fire           4%         2d5       24%         2
 Searing Ray              Conj           4%         2d4       24%         2
 Stone Arrow              Conj/Erth      4%         3d7       43%         3
 Fulminant Prism          Conj/Hex       5%         3d7       54%         4
 Animate Armour           Summ/Erth      4%         N/A       83%         4
 Animate Dead             Necr           2%         N/A       83%         4
 Flame Wave               Conj/Fire      2%         2d4       83%         4
 Summon Cactus Giant      Summ           1%         N/A       100%        6
 Haunt                    Necr/Summ      1%         N/A       100%        7
 Infestation              Necr           1%         N/A       100%        8
 Lehudib's Crystal Spear  Conj/Erth      1%         10d2      100%        8


Dungeon Overview and Level Annotations

Branches:
Dungeon (4/15)
 Temple: D:4-7

Altars:
Fedhas
Qazlal


Innate Abilities, Weirdness & Mutations

You are very small and have problems with some larger weapons.
You are too small for most types of armour.
You have supernaturally acute eyesight. (SInv)
You cover ground extremely quickly. (Speed+++)


Message History

Unknown command.
Casting: Confusing Touch (quite dangerous; 9% risk of failure)
Confirm with . or Enter, or press ? or * to list all spells.
Aiming: Ensorcelled Hibernation (safe; 11% risk of failure)
Press: ? - help, Shift-Dir - straight line, f - orc wizard
Aim: an orc wizard, wielding a +0 dagger and wearing a +0 robe (chance to affect: 44%)
The orc wizard resists with some effort.
The orc wizard hits you with a +0 dagger.
Casting: Ensorcelled Hibernation (safe; 11% risk of failure)
Confirm with . or Enter, or press ? or * to list all spells.
Aiming: Ensorcelled Hibernation (safe; 11% risk of failure)
Press: ? - help, Shift-Dir - straight line, f/p - orc wizard
Aim: an orc wizard, wielding a +0 dagger and wearing a +0 robe (chance to affect: 44%)
The orc wizard looks drowsy...
The helpless orc wizard fails to defend itself.
You perforate the orc wizard like a sieve!!!
You kill the orc wizard!
Your Short Blades skill increases to level 5!
You start resting.
HP restored.
You start resting.
Magic restored.
There is a stone staircase leading down here.
You climb downwards.
There is a stone staircase leading up here.
The orc priest miscasts a cantrip.
You climb upwards.
There is a stone staircase leading down here.
You climb downwards.
The orc priest invokes the aid of Beogh against you.
Beogh smites you! The kobold hits you with a +0 dagger.
The orc priest calls down the wrath of Beogh upon you.
You resist with significant effort. The kobold hits you with a +0 dagger.
The orc priest hits you with a +0 short sword.
* * * LOW HITPOINT WARNING * * *
There is a stone staircase leading up here.
The kobold hits you with a +0 dagger.
* * * LOW HITPOINT WARNING * * *
The orc priest hits you with a +0 short sword.
You die...

..... #.....o. .........
#......# .(.......
#.....# ........ #....##
##....## ###.....####
#......####..........##
......###.#..o..........
..).......[........##...
..##......<....K@### .
...##..........o##
...##...........#
..###..........!.#
).###...............
....)...............
.....................
...รท.................
.###........?.......


You could see 2 orc priests and a kobold.

Vanquished Creatures
  A scorpion (D:4)
  A hound (D:3)
  An orc wizard (D:3)
  5 adders
  2 worms
  2 dart slugs
  2 orcs
  2 bats (D:3)
  4 endoplasms
  A giant cockroach (D:3)
  8 goblins
  4 hobgoblins
  4 jackals (D:1)
  A quokka (D:1)
  3 ball pythons
  2 frilled lizards
  5 kobolds
  4 rats
52 creatures vanquished.

Vanquished Creatures (others)
  3 fungi
  3 plants
6 creatures vanquished.

Grand Total: 58 creatures vanquished

Notes
Turn   | Place    | Note
-------+----------+-------------------------------------------
     0 | D:1      | geedmat the Spriggan Enchanter began the quest for the Orb.
     0 | D:1      | Reached XP level 1. HP: 9/9 MP: 5/5
   692 | D:1      | Reached XP level 2. HP: 10/13 MP: 6/6
   845 | D:1      | Learned a level 2 spell: Ensorcelled Hibernation
  1064 | D:1      | Found a faded altar of an unknown god.
  1660 | D:2      | Reached XP level 3. HP: 16/16 MP: 5/8
  2595 | D:2      | Learned a level 3 spell: Confusing Touch
  2644 | D:3      | Reached skill level 5 in Stealth
  2721 | D:3      | Found a blossoming altar of Fedhas.
  2723 | D:3      | Found a stormy altar of Qazlal.
  2819 | D:3      | Reached XP level 4. HP: 21/21 MP: 6/9
  3596 | D:4      | Noticed a scorpion
  3596 | D:4      | Noticed a phantom
  3616 | D:4      | Killed a scorpion
  3617 | D:4      | Reached skill level 6 in Stealth
  3617 | D:4      | Reached XP level 5. HP: 24/24 MP: 7/10
  3960 | D:3      | Reached skill level 5 in Short Blades
  3998 | D:4      | Slain by an orc priest

Illustrated notes

Levels and vault maps discovered:
D:1:      dreamdust_arrival_beginning_and_end, layout_rooms,
          shapermc_ecumenical_altar_acropolis, chequers_serial_rivers_micro_a
D:2:      layout_basic, hex_medium
D:3:      layout_basic, grunt_temple_overflow_forces_of_nature,
          chequers_decorated_corner
D:4:      layout_cave_pools, dk_vineyard_3

Skill      XL: |  1  2  3  4  5 |
---------------+----------------+-----
Short Blades   | 2 3 4 5 |  5.1
Hexes          | 4 |  4.1
Stealth        | 5 6 |  6.2
Dodging        | |  2.6
Spellcasting   | |  2.6

Action                   |  1- 3 |  4- 6 || total
-------------------------+-------+-------++-------
Melee: Dagger            |   105 |    30 ||   135
 Cast: Ensorcelled Hiber |    14 |    16 ||    30
  Use: Potion            |     2 |       ||     2
       Scroll            |     7 |       ||     7
 Stab: Sleeping          |    14 |    14 ||    28
       Distracted        |     1 |       ||     1
Armor: Robe              |    15 |       ||    15
Dodge: Dodged            |    71 |    19 ||    90

Table legend: (Time is in decaauts)
 A = Elapsed time spent in this place.
 B = Non-inter-level travel time spent in this place.
 C = Inter-level travel time spent in this place.
 D = Time resting spent in this place.
 E = Time spent auto-exploring this place.
 F = Levels seen in this place.
 G = Mean time per level.
                   A        B        C        D        E       F      G
               +--------+--------+--------+--------+--------+-----+--------+
         Total |   3198 |   3107 |     91 |   1617 |    672 |   4 |  799.5 |
       Dungeon |   3198 |   3107 |     91 |   1617 |    672 |   4 |  799.5 |
               +--------+--------+--------+--------+--------+-----+--------+

Top non-repeatable levels by time:
     D:1: 1356 daAuts
     D:3: 930 daAuts
     D:2: 649 daAuts
     D:4: 261 daAuts
